 Dungeon Crawl Stone Soup version 0.29-a0-40-g8eb35efe60 (webtiles) character file.

Game seed: 18372042650798965319

2097 enile the Skirmisher (level 8, -3/73 HPs)
             Began as a Demigod Wanderer on Feb 1, 2022.
             Slain by Joseph (18 damage)
             ... on level 7 of the Dungeon.
             The game lasted 00:19:18 (11235 turns).

enile the Skirmisher (Demigod Wanderer)            Turns: 11235, Time: 00:19:19

Health: -3/73      AC:  4    Str: 16    XL:     8   Next: 79%
Magic:  6/17       EV: 16    Int: 22    God:
Gold:   276        SH:  5    Dex: 10    Spells: 10/15 levels left

rFire   . . .      SeeInvis .   m - +0 morningstar
rCold   . . .      Faith    .   (no shield)
rNeg    . . .      Spirit   .   g - +2 robe {Will+}
rPois   .          Reflect  +   (no helmet)
rElec   .          Harm     .   (no cloak)
rCorr   +          Rampage  .   (no gloves)
Will    +....                   (no boots)
Stlth   ++........              u - amulet of reflection
HPRegen 0.22/turn               e - +4 ring of evasion
MPRegen 0.15/turn               s - ring of resist corrosion

@: no status effects
A: high MP 1, forlorn, divine attributes
a: no special abilities


You were on level 7 of the Dungeon.
You visited 1 branch of the dungeon, and saw 7 of its levels.
You also visited: Ossuary.

You collected 456 gold pieces.
You spent 180 gold pieces at shops.

Inventory:

Hand Weapons
 a - a +0 shortbow
 m - a +0 morningstar (weapon)
 y - a +0 antimagic dagger
Missiles
 b - 77 arrows
 i - 2 curare-tipped darts (quivered)
Armour
 c - a +0 scale mail
 g - a +2 robe of willpower (worn)
 h - a +0 helmet
 k - a +0 leather armour
 F - a +2 pair of boots
 G - a +2 ring mail of willpower
Jewellery
 e - a +4 ring of evasion (left hand)
 o - an amulet of regeneration
 s - a ring of resist corrosion (right hand)
 u - an amulet of reflection (around neck)
Wands
 C - a wand of mindburst (7)
 E - a wand of flame (11)
Scrolls
 d - a scroll of noise
 j - 2 scrolls of amnesia {unknown}
 n - 4 scrolls of holy word
 v - 2 scrolls of enchant armour {unknown}
 w - 3 scrolls of teleportation
 x - a scroll of blinking {unknown}
 B - a scroll of identify
Potions
 f - a potion of magic
 l - 2 potions of berserk rage {unknown}
 p - 2 potions of flight {unknown}
 q - a potion of cancellation {unknown}
 r - 2 potions of brilliance {unknown}
 t - 3 potions of haste {unknown}
 z - 2 potions of curing
 A - a potion of heal wounds
 D - a potion of ambrosia {unknown}


   Skills:
 - Level 7.0 Fighting
 - Level 3.0 Maces & Flails
 - Level 1.9 Bows
 - Level 3.0 Armour
 - Level 3.2 Dodging
 - Level 3.0 Stealth
 - Level 4.0 Spellcasting
 + Level 1.7 Hexes
 - Level 3.0 Fire Magic
 - Level 3.0 Poison Magic


You had 10 spell levels left.
You knew the following spells:

 Your Spells              Type           Power      Damage    Failure   Level
a - Sting                 Tmut/Pois      44%        1d5       6%          1
b - Poisonous Vapours     Pois/Air       22%        N/A       9%          2
c - Foxfire               Conj/Fire      44%        2x1d6     6%          1
d - Slow                  Hex            48%        N/A       5%          1

Your spell library contained the following spells:

 Spells                   Type           Power      Damage    Failure   Level
 Pain                     Necr           16%        1d4       11%         1
 Confusing Touch          Hex            12%        N/A       16%         3
 Spider Form              Tmut/Pois      11%        N/A       19%         3
 Dazzling Flash           Conj/Hex       16%        N/A       24%         3
 Gell's Gravitas          Tloc           4%         N/A       32%         3
 Teleport Other           Tloc           4%         N/A       32%         3
 Vampiric Draining        Necr           4%         2d6       32%         3
 Silence                  Hex/Air        4%         N/A       91%         5
 Agony                    Necr           4%         N/A       97%         5
 Excruciating Wounds      Necr           2%         N/A       97%         5
 Dispersal                Tloc           2%         N/A       100%        6


Dungeon Overview and Level Annotations

Branches:
Dungeon (7/15)             Temple (0/1) D:6         Ossuary (visited)

Shops:
D:5 [

Annotations:
D:7 Joseph


Innate Abilities, Weirdness & Mutations

You have an increased reservoir of magic. (+10% MP)
You shall have no god before yourself.
Your divine heritage dramatically boosts your attributes as you level up.


Message History

Confirm with . or Enter, or press ? or * to list all spells.
Aiming: Poisonous Vapours (safe; 9% risk of failure)
Press: ? - help, Dir - move target, f/p - Joseph
Aim: Joseph, wielding a +0 hunting sling, wearing a +0 leather armour and quivering sling bullets (moderately wounded, very poisoned) Poisonous vapours surround Joseph!
Joseph looks as sick as possible!
Casting: Poisonous Vapours (safe; 9% risk of failure)
Confirm with . or Enter, or press ? or * to list all spells.
Aiming: Poisonous Vapours (safe; 9% risk of failure)
Press: ? - help, Dir - move target, f/p - Joseph
Aim: Joseph, wielding a +0 hunting sling, wearing a +0 leather armour and quivering sling bullets (moderately wounded, extremely poisoned) Poisonous vapours surround Joseph!
Joseph looks as sick as possible!
Joseph shoots a sling bullet.
The sling bullet hits you.
Joseph shoots a sling bullet.
The sling bullet hits you.
Casting: Poisonous Vapours (safe; 9% risk of failure)
Confirm with . or Enter, or press ? or * to list all spells.
Aiming: Slow (safe; 5% risk of failure)
Press: ? - help, Shift-Dir - straight line, f/p - Joseph
Aim: Joseph, wielding a +0 hunting sling, wearing a +0 leather armour and quivering sling bullets (heavily wounded, extremely poisoned, chance to affect: 33%) Joseph easily resists.
Joseph shoots a sling bullet.
The sling bullet completely misses you.
Your magical contamination has completely faded away.
Joseph shoots a sling bullet.
The sling bullet hits you!
Joseph unwields a +0 hunting sling.
Joseph wields a +0 quarterstaff.
Joseph hits you with a +0 quarterstaff!
You hit Joseph. You punch Joseph, but do no damage.
Joseph is severely wounded.
Joseph hits you with a +0 quarterstaff!
* * * LOW HITPOINT WARNING * * *
You barely miss Joseph.
Joseph is severely wounded.
Joseph hits you but does no damage.
Casting: Slow (safe; 5% risk of failure)
Confirm with . or Enter, or press ? or * to list all spells.
Okay, then.
Aiming: Mindburst
Press: ? - help, Shift-Dir - straight line, f/p - Joseph
Aim: Joseph, wielding a +0 quarterstaff, wearing a +0 leather armour and quivering sling bullets (severely wounded, very poisoned, chance to affect: 47%) Joseph resists with some effort.
Joseph hits you with a +0 quarterstaff!!
You die...

#########
#.......# #####
####<########...#
#.......#.@@....#
#.##.##.#.###...#
#.##.##.#.# ##.##
..........# .#
#(#####.### .#
...# .# ##### .(
#.


You could see Joseph (very poisoned).

Vanquished Creatures
  A hornet zombie (D:6)
  2 necrophages
  2 ogres
  3 centaurs
  A phantom (D:5)
  An elf zombie (Ossuary)
  A bullfrog (D:6)
  A scorpion (D:5)
  5 wights (D:4)
  A bullfrog zombie (D:5)
  4 centaur zombies (Ossuary)
  A human zombie (Ossuary)
  A jelly (D:6)
  2 orc priests (D:5)
  A gnoll shaman (D:5)
  3 hounds
  3 iguanas
  4 orc wizards
  Natasha (thrice) (D:2)
  A scorpion zombie (D:5)
  A killer bee zombie (D:6)
  A hound zombie (Ossuary)
  3 mummies (Ossuary)
  6 gnolls
  3 adders
  2 adder zombies (Ossuary)
  5 worms
  2 dart slugs
  13 orcs
  6 ball pythons
  10 bats
  8 endoplasms
  3 goblins
  8 hobgoblins
  3 jackals (D:1)
  3 kobolds
  3 quokkas
  5 frilled lizards
  2 gnoll zombies (Ossuary)
  3 goblin zombies (Ossuary)
  6 hobgoblin zombies (Ossuary)
  2 jackal zombies (Ossuary)
  4 kobold zombies (Ossuary)
  2 orc zombies (Ossuary)
  4 quokka zombies (Ossuary)
  3 rats
  3 rat zombies (Ossuary)
155 creatures vanquished.

Vanquished Creatures (others)
  213 foxfires
213 creatures vanquished.

Grand Total: 368 creatures vanquished

Notes
Turn   | Place    | Note
-------+----------+-------------------------------------------
     0 | D:1      | enile the Demigod Wanderer began the quest for the Orb.
     0 | D:1      | enile set off with the following items: a +0 shortbow, 24
                  | arrows, a +0 scale mail; and the following spell memorised:
                  | Sting; and the following spells available to memorise:
                  | Poisonous Vapours, Spider Form
     0 | D:1      | Reached XP level 1. HP: 14/14 MP: 4/4
    80 | D:1      | Got Plato's Papyrus of Confrontation
   183 | D:1      | Reached XP level 2. HP: 22/22 MP: 6/6
   243 | D:1      | Reached skill level 1 in Fighting
   855 | D:1      | Reached skill level 2 in Fighting
   890 | D:1      | Reached XP level 3. HP: 29/29 MP: 7/7
  1259 | D:2      | Learned a level 2 spell: Poisonous Vapours
  1406 | D:2      | Reached skill level 3 in Fighting
  1448 | D:2      | Noticed Natasha
  1451 | D:2      | Killed Natasha
  1452 | D:2      | Reached XP level 4. HP: 27/38 MP: 8/8
  1471 | D:2      | Noticed Natasha
  1487 | D:2      | Killed Natasha
  1770 | D:2      | Noticed Natasha
  1778 | D:2      | Killed Natasha
  2056 | D:2      | Reached XP level 5. HP: 45/45 MP: 10/10
  2922 | D:3      | Reached skill level 4 in Fighting
  3615 | D:4      | Found a sand-covered staircase.
  3624 | Ossuary  | Entered an ossuary
  3650 | Ossuary  | Learned a level 1 spell: Foxfire
  3812 | Ossuary  | Reached XP level 6. HP: 37/55 MP: 5/11
  4130 | Ossuary  | Reached skill level 5 in Fighting
  4212 | Ossuary  | Reached skill level 1 in Dodging
  5387 | D:5      | Entered Level 5 of the Dungeon
  5388 | D:5      | HP: 1/53 [goblin (2)]
  5536 | D:5      | Reached skill level 6 in Fighting
  5548 | D:5      | Reached XP level 7. HP: 22/63 MP: 2/13
  6060 | D:5      | Found Ykhyphyu's Antique Armour Emporium.
  6064 | D:5      | Bought a glowing robe for 81 gold pieces
  6064 | D:5      | Bought a helmet for 99 gold pieces
  6944 | D:6      | Found a staircase to the Ecumenical Temple.
  7008 | D:6      | Reached skill level 1 in Fire Magic
  7308 | D:6      | Reached XP level 8. HP: 70/70 MP: 9/17
  7685 | D:5      | Learned a level 1 spell: Slow
  8280 | D:4      | Reached skill level 1 in Maces & Flails
  9708 | D:6      | Reached skill level 7 in Fighting
 10776 | D:6      | Reached skill level 1 in Hexes
 11218 | D:7      | Noticed Joseph
 11235 | D:7      | Slain by Joseph

Illustrated notes

Levels and vault maps discovered:
D:1:      lemuel_arrival_muddy, layout_basic,
          shapermc_ecumenical_altar_rom_forum, serial_co_window_serial,
          co_window_paths_a, co_window_paths_b, co_window_of_opportunity_a,
          co_window_paths_b, co_window_corner_a, co_window_unsneaky_path_a,
          co_window_2corner, co_window_broadway_a, co_window_corner_b,
          co_window_paths_d, glass_columns_a, glass_columns_c
D:2:      layout_basic, uniq_natasha
D:3:      layout_basic, minivault_27
D:4:      layout_basic, eat_drink_and_be_merry_uskayaw,
          nicolae_ossuary_entry_monument
D:5:      layout_basic, serial_shops, nicolae_shop_stone
D:6:      layout_cave_pods, nicolae_overflow_hidden_temple, chei_slow_surprise,
          minmay_temple_entry_waves, eino_small_chamber_without_monster
D:7:      layout_loops_cross, serial_shops, nicolae_shop_trees,
          nzn_ghost_randoct, uniq_joseph, uniq_pikel, uniq_crazy_yiuf_cottage

Skill      XL: |  1  2  3  4  5  6  7  8 |
---------------+-------------------------+-----
Fighting       | 2 3 4 6 7 |  7.0
Poison Magic   | 3 |  3.0
Spellcasting   | 2 4 |  4.0
Armour         | 3 |  3.0
Dodging        | 1 3 |  3.2
Fire Magic     | 2 3 |  3.0
Stealth        | 2 3 |  3.0
Maces & Flails | 3 |  3.0
Hexes          | 1 |  1.7
Bows           | |  1.9

Action                   |  1- 3 |  4- 6 |  7- 9 || total
-------------------------+-------+-------+-------++-------
Melee: Morningstar       |       |     3 |   201 ||   204
       Punch             |       |       |     2 ||     2
 Fire: Shortbow          |    90 |   288 |       ||   378
Throw: Dart              |       |       |     1 ||     1
 Cast: Sting             |     2 |    15 |     1 ||    18
       Foxfire           |       |    70 |    65 ||   135
       Poisonous Vapours |       |    12 |    40 ||    52
       Slow              |       |       |    12 ||    12
Evoke: Wand              |       |       |     1 ||     1
  Use: Potion            |       |     4 |       ||     4
       Scroll            |       |     3 |     6 ||     9
Armor: Scale mail        |    18 |     7 |       ||    25
       Leather armour    |       |    44 |     4 ||    48
       Robe              |       |       |    44 ||    44
Dodge: Dodged            |    29 |   198 |   268 ||   495
Block: Other             |       |       |    41 ||    41
       Reflection        |       |       |     4 ||     4

Table legend: (Time is in decaauts)
 A = Elapsed time spent in this place.
 B = Non-inter-level travel time spent in this place.
 C = Inter-level travel time spent in this place.
 D = Time resting spent in this place.
 E = Time spent auto-exploring this place.
 F = Levels seen in this place.
 G = Mean time per level.
                   A        B        C        D        E       F      G
               +--------+--------+--------+--------+--------+-----+--------+
         Total |  11428 |  11125 |    303 |   1204 |   8005 |   8 | 1428.5 |
       Dungeon |   9721 |   9418 |    303 |   1204 |   6661 |   7 | 1388.7 |
       Ossuary |   1707 |   1707 |      0 |      0 |   1344 |   1 | 1707.0 |
               +--------+--------+--------+--------+--------+-----+--------+

Top non-repeatable levels by time:
     D:5: 3336 daAuts
 Ossuary: 1707 daAuts
     D:6: 1484 daAuts
     D:1: 1460 daAuts
     D:4: 1263 daAuts
     D:2: 1198 daAuts
     D:3: 945 daAuts
     D:7: 32 daAuts
